 Dungeon Crawl Stone Soup version 0.29.0-4-gdea44cf6ec (webtiles) character file.

Game seed: 9852468902320132318

7 qw the Sneak (level 2, -1/19 HPs)
             Began as a Gargoyle Delver on Sept 10, 2022.
             Slain by a gnoll
             ... wielding a +0 club
              (7 damage)
             ... on level 3 of the Dungeon.
             The game lasted 00:00:07 (286 turns).

qw the Sneak (Gargoyle Delver)                       Turns: 286, Time: 00:00:08

Health: -1/19      AC:  5    Str: 15    XL:     2   Next: 0%
Magic:  2/2        EV: 11    Int: 10    God:
Gold:   30         SH:  0    Dex: 11    Spells: 1/1 levels left

rFire   . . .      SeeInvis .   a - +0 hand axe
rCold   . . .      Faith    .   (no shield)
rNeg    + . .      Spirit   .   b - +0 leather armour
rPois   inf        Reflect  .   (no helmet)
rElec   +          Harm     .   (no cloak)
rCorr   .          Rampage  .   (no gloves)
Will    .....                   (no boots)
Stlth   +++.......              (no amulet)
HPRegen 0.06/turn               (no ring)
MPRegen 0.08/turn               (no ring)

@: no status effects
A: sickness immunity, AC +2, negative energy resistance 1, electricity
resistance, torment resistance 1, petrification resistance
a: no special abilities


You were on level 3 of the Dungeon.
You visited 1 branch of the dungeon, and saw 3 of its levels.

You collected 30 gold pieces.


Innate Abilities, Weirdness & Mutations

You are immune to sickness and miasma.
Your stone body is resilient. (AC +2)
You are immune to poison.
You resist negative energy. (rN+)
You are resistant to electric shocks. (rElec)
You are resistant to unholy torment.
You are immune to petrification.


   Skills:
 - Level 3.2 Fighting
 + Level 2.4 Axes
 - Level 1.5 Dodging
 - Level 5.4 Stealth


You had one spell level left.
You didn't know any spells.
Your spell library was empty.

Inventory:

Hand Weapons
 a - a +0 hand axe (weapon)
 d - a +0 mace
Armour
 b - a +0 leather armour (worn)
Wands
 g - a wand of digging (3)
Potions
 c - a potion of curing {unknown}
 f - a potion of haste

Dungeon Overview and Level Annotations

Branches:
Dungeon (5/15)
 Temple: D:4-7

Altars:


Message History

You kill the frilled lizard!
You start resting.
HP restored.
You now have 30 gold pieces (gained 13).
A goblin comes into view. It is wielding a +0 dagger.
The goblin shouts!
You hear a bark! x2; You hear a shout!
A giant cockroach comes into view.
Found a dagger.
The goblin hits you but does no damage.
You hit the goblin but do no damage. The goblin hits you but does no damage.
You hit the goblin.
You kill the goblin!
A gnoll comes into view. It is wielding a +0 club.
A gnoll comes into view. It is wielding a +0 whip.
277 ||| Stepping ~*~*~tactically~*~*~ (stealth).
A jackal comes into view.
278 ||| Stepping ~*~*~tactically~*~*~ (stealth).
279 ||| Stepping ~*~*~tactically~*~*~ (stealth).
You hit the giant cockroach.
You kill the giant cockroach!
You have reached level 2!
You hit the gnoll.
The gnoll is lightly wounded.
The gnoll closely misses you.
You barely miss the gnoll.
The gnoll is lightly wounded.
The gnoll hits you with a +0 club.
You barely miss the gnoll.
The gnoll is lightly wounded.
The gnoll hits you with a +0 club.
You hit the gnoll.
The gnoll is severely wounded.
The gnoll hits you with a +0 club.
The gnoll shouts!
You hit the gnoll.
The gnoll is severely wounded.
You hear a shout!
You hear a bark! x2
The gnoll hits you with a +0 club. The gnoll hits you with a +0 club!
You die...

.~~ยค~..## )g.......
........# . #.....h.#
.###### #.......#
~..~..#### #.......#
~~~~~....##### #)......#
...#~~~......######.......#
................@gg........
###.#.%......######.......#
###.).######## #.......#
........# #.......#
........## #########
.........# .........#
..........# ........#...


You could see 2 gnolls.

Vanquished Creatures
  A ball python (D:3)
  An endoplasm (D:3)
  A giant cockroach (D:3)
  A goblin (D:3)
  A bat (D:3)
  A frilled lizard (D:3)
6 creatures vanquished.

Notes
Turn   | Place    | Note
-------+----------+-------------------------------------------
     0 | D:5      | qw the Gargoyle Delver began the quest for the Orb.
     0 | D:5      | Reached XP level 1. HP: 14/14 MP: 1/1
     0 | D:5      | 0 ||| qw: Version: 0.1-a-116-g5d60599
     0 | D:5      | 0 ||| qw: Game counter: 8074
     0 | D:5      | 0 ||| qw: Always use a shield: true
     0 | D:5      | 0 ||| qw: God list: Okawaru
     0 | D:5      | 0 ||| qw: Allow faded altars: false
     0 | D:5      | 0 ||| qw: Do Orc after D:15 true
     0 | D:5      | 0 ||| qw: Do second Lair branch before Depths: true
     0 | D:5      | 0 ||| qw: Lair rune preference: random
     0 | D:5      | 0 ||| qw: Plans: Normal
     0 | D:5      | 0 ||| PLANNING D:1-11
    21 | D:5      | 21 ||| DROPPING scroll of fog.
    22 | D:5      | 22 ||| DROPPING scroll of magic mapping.
    23 | D:5      | 23 ||| DROPPING scroll of fear.
   210 | D:3      | 210 ||| DROPPING +0 club.
   277 | D:3      | 277 ||| Stepping ~*~*~tactically~*~*~ (stealth).
   278 | D:3      | 278 ||| Stepping ~*~*~tactically~*~*~ (stealth).
   279 | D:3      | 279 ||| Stepping ~*~*~tactically~*~*~ (stealth).
   281 | D:3      | Reached XP level 2. HP: 19/19 MP: 2/2
   286 | D:3      | Slain by a gnoll

Levels and vault maps discovered:
D:3:      layout_basic, mainiacjoe_overflow_boulevard, zin_treasury,
          serial_rivers, chequers_serial_rivers_small_3,
          chequers_serial_rivers_large_a, chequers_serial_rivers_micro_c,
          chequers_serial_rivers_small_a, chequers_serial_rivers_small_3
D:4:      layout_rooms, lemuel_zombie_altar_kikubaaqudgha, slow_altar_2,
          minmay_temple_entry_enclosed_plants, kennysheep_nondescript,
          uniq_robin, uniq_edmund
D:5:      layout_basic, lemuel_doored_altar, ebering_ghost_sewer_d,
          kennysheep_nub

Skill      XL: |  1 |
---------------+----+-----
Axes           | 2 |  2.4
Fighting       | |  3.2
Dodging        | |  1.5
Stealth        | |  5.4

Action                   || total
-------------------------++-------
Melee: Hand axe          ||    17
Armor: Leather armour    ||     4
Dodge: Dodged            ||     6

Table legend:
 A = Non-vault XP
 B = Vault XP
 C = Vault XP percentage of total XP
 D = Non-vault monster count
 E = Vault monster count
 F = Vault count percentage of total count
                 A         B        C        D         E       F
            +---------+---------+-------+---------+---------+-------
      Total |      10 |       0 |   0.0 |       6 |       0 |   0.0
            +---------+---------+-------+---------+---------+-------
        D:3 |      10 |       0 |   0.0 |       6 |       0 |   0.0
            +---------+---------+-------+---------+---------+-------
